General information
- name: BNet
- type: Ladder team game (AT/RT)
- host: Battle.net
- saver: Ikd
map: Cherryville
- players: 8
- length: 32:06
- speed: Fast
- version: 1.27 W3XP
- replay type: Public
» download(219 KB)
Players
team 1 (loser)

»
Turtle.TerroR (
red | 53 APM | 948 actions | 17:45)
4 Priestess of the Moon
2 Trueshot Aura
2 Searing Arrows
» actions
| Assign group hotkey | 31 | |
| Build / train | 58 | |
| ESC pressed | 1 | |
| Enter build submenu | 18 | |
| Enter hero's abilities submenu | 4 | |
| Give item / drop item | 2 | |
| Remove unit from queue | 6 | |
| Right click | 380 | |
| Select / deselect | 257 | |
| Select group hotkey | 150 | |
| Use ability | 41 | |
948 total
» units
| Wisp | 11 | |
| Huntress | 9 | |
| Dryad | 5 | |
| Druid of the Claw | 3 | |
28 total
» upgrades
| Strength of the Moon | 1 | |
| Ultravision | 1 | |
| Strength of the Wild | 1 | |
| Druid of the Claw Training | 2 | |
| Abolish Magic | 1 | |
| Reinforced Hides | 1 | |
| Mark of the Claw | 1 | |
8 total
» buildings
| Altar of Elders | 1 | |
| Moon Well | 6 | |
| Hunter's Hall | 1 | |
| Ancient of War | 2 | |
| Ancient of Wonders | 1 | |
| Tree of Ages | 1 | |
| Ancient of Lore | 3 | |
| Tree of Life | 1 | |
| Tree of Eternity | 1 | |
17 total
» build order
00:13 Altar of Elders
00:19 Moon Well
01:39 Hunter's Hall
01:44 Ancient of War
02:08 Ancient of War
02:23 Moon Well
03:19 Ancient of Wonders
03:24 Moon Well
05:12 Tree of Ages
06:39 Moon Well
08:31 Ancient of Lore
08:34 Ancient of Lore
08:39 Tree of Life
09:27 Ancient of Lore
11:06 Moon Well
11:44 Tree of Eternity
12:06 Moon Well
» items
| Boots of Speed | 1 | |
| Potion of Healing | 4 | |
| Staff of Preservation | 1 | |
| Scroll of Town Portal | 1 | |
| Orb of Venom | 1 | |
| Dust of Appearance | 1 | |
9 total
Nathan (
pink | 54 APM | 1016 actions | 18:52)
5 Priestess of the Moon
2 Searing Arrows
3 Trueshot Aura
» actions
| Assign group hotkey | 12 | |
| Basic commands | 13 | |
| Build / train | 52 | |
| ESC pressed | 1 | |
| Enter build submenu | 14 | |
| Enter hero's abilities submenu | 6 | |
| Remove unit from queue | 2 | |
| Right click | 491 | |
| Select / deselect | 176 | |
| Select group hotkey | 223 | |
| Use ability | 26 | |
1016 total
» units
| Wisp | 14 | |
| Archer | 6 | |
| Hippogryph | 5 | |
| Chimaera | 9 | |
| Druid of the Claw | 2 | |
36 total
» upgrades
| Strength of the Wild | 1 | |
| Reinforced Hides | 1 | |
| Corrosive Breath | 1 | |
3 total
» buildings
| Altar of Elders | 1 | |
| Moon Well | 4 | |
| Ancient of War | 1 | |
| Tree of Ages | 1 | |
| Hunter's Hall | 1 | |
| Ancient Protector | 1 | |
| Ancient of Wind | 2 | |
| Tree of Eternity | 1 | |
| Chimaera Roost | 3 | |
| Ancient of Wonders | 1 | |
| Tree of Life | 1 | |
17 total
» build order
00:05 Altar of Elders
00:17 Moon Well
01:17 Moon Well
01:21 Ancient of War
02:04 Moon Well
02:41 Tree of Ages
03:42 Hunter's Hall
05:02 Ancient Protector
05:06 Ancient of Wind
05:08 Ancient of Wind
05:22 Tree of Eternity
06:01 Moon Well
08:34 Chimaera Roost
08:35 Chimaera Roost
08:36 Chimaera Roost
09:23 Ancient of Wonders
13:41 Tree of Life
» items
| Scroll of Protection | 1 | |
| Periapt of Vitality | 1 | |
| Scroll of Town Portal | 1 | |
| Healing Salve | 1 | |
4 total
SHAME.LAME (
teal | 85 APM | 2712 actions | 32:03)
6 Blademaster
3 Wind Walk
2 Critical Strike
1 Bladestorm
6 Shadow Hunter
3 Hex
2 Healing Wave
1 Big Bad Voodoo
» actions
| Assign group hotkey | 34 | |
| Basic commands | 6 | |
| Build / train | 80 | |
| Enter build submenu | 36 | |
| Enter hero's abilities submenu | 12 | |
| Give item / drop item | 2 | |
| Right click | 1361 | |
| Select / deselect | 276 | |
| Select group hotkey | 747 | |
| Use ability | 158 | |
2712 total
» units
| Peon | 11 | |
| Grunt | 3 | |
| Goblin Shredder | 10 | |
| Wind Rider | 14 | |
| Goblin Sapper | 2 | |
| Troll Headhunter/Berserker | 1 | |
41 total
» upgrades
| Ranged Weapons | 2 | |
| Reinforced Defenses | 1 | |
| Envenomed Spears | 1 | |
| Armor | 2 | |
6 total
» buildings
| Altar of Storms | 1 | |
| Orc Burrow | 7 | |
| Barracks | 1 | |
| Voodoo Lounge | 1 | |
| Stronghold | 1 | |
| War Mill | 1 | |
| Great Hall | 3 | |
| Watch Tower | 51 | |
| Beastiary | 2 | |
| Fortress | 1 | |
| Ancient Protector | 5 | |
74 total
» build order
00:07 Altar of Storms
00:20 Orc Burrow
00:38 Barracks
01:25 Orc Burrow
02:05 Voodoo Lounge
02:51 Stronghold
03:42 War Mill
04:20 Great Hall
05:39 Orc Burrow
05:42 Orc Burrow
05:59 Watch Tower
05:59 Watch Tower
06:00 Watch Tower
06:28 Beastiary
06:57 Watch Tower
07:47 Fortress
07:52 Watch Tower
07:53 Watch Tower
07:53 Watch Tower
08:03 Beastiary
09:33 Watch Tower
09:40 Watch Tower
09:40 Watch Tower
11:09 Watch Tower
11:09 Watch Tower
12:04 Orc Burrow
15:09 Watch Tower
15:09 Watch Tower
16:41 Watch Tower
16:42 Watch Tower
16:42 Watch Tower
16:42 Watch Tower
16:43 Watch Tower
16:44 Watch Tower
16:45 Watch Tower
16:45 Watch Tower
17:39 Watch Tower
17:41 Watch Tower
18:15 Watch Tower
18:15 Watch Tower
18:48 Orc Burrow
19:28 Watch Tower
19:28 Watch Tower
19:29 Watch Tower
19:31 Watch Tower
19:44 Orc Burrow
19:47 Ancient Protector
19:47 Ancient Protector
19:48 Ancient Protector
19:49 Ancient Protector
19:49 Ancient Protector
20:04 Watch Tower
20:39 Watch Tower
20:40 Watch Tower
20:40 Watch Tower
20:41 Watch Tower
20:41 Watch Tower
20:42 Watch Tower
20:53 Watch Tower
20:53 Watch Tower
22:28 Watch Tower
22:29 Watch Tower
22:29 Watch Tower
22:30 Watch Tower
22:30 Watch Tower
22:30 Watch Tower
22:31 Watch Tower
22:31 Watch Tower
22:32 Watch Tower
26:41 Watch Tower
26:41 Watch Tower
26:41 Watch Tower
29:50 Great Hall
30:07 Great Hall
» items
| Healing Salve | 5 | |
| Staff of Teleportation | 1 | |
| Potion of Mana | 2 | |
| Scroll of Town Portal | 5 | |
| Potion of Lesser Invulnerability | 1 | |
| Scroll of Healing | 1 | |
15 total
DonaldTrump2016 (
yellow | 52 APM | 935 actions | 17:53)
5 Tauren Chieftain
2 War Stomp
3 Endurance Aura
» actions
| Assign group hotkey | 208 | |
| Basic commands | 18 | |
| Build / train | 82 | |
| Enter build submenu | 17 | |
| Enter hero's abilities submenu | 5 | |
| Give item / drop item | 5 | |
| Remove unit from queue | 1 | |
| Right click | 204 | |
| Select / deselect | 198 | |
| Select group hotkey | 135 | |
| Use ability | 62 | |
935 total
» units
» upgrades
| Melee Weapons | 2 | |
| Armor | 3 | |
| Berserker Strength | 1 | |
| Shaman Training | 1 | |
| Ranged Weapons | 1 | |
| Berserker Upgrade | 1 | |
9 total
» buildings
| Altar of Storms | 1 | |
| Orc Burrow | 8 | |
| Barracks | 2 | |
| Voodoo Lounge | 1 | |
| War Mill | 2 | |
| Stronghold | 1 | |
| Great Hall | 1 | |
| Watch Tower | 8 | |
| Fortress | 1 | |
| Spirit Lodge | 1 | |
| Tauren Totem | 3 | |
29 total
» build order
00:09 Altar of Storms
00:11 Orc Burrow
00:41 Barracks
01:32 Orc Burrow
01:49 Voodoo Lounge
03:10 Orc Burrow
03:48 War Mill
04:37 Stronghold
07:25 Great Hall
07:29 Watch Tower
07:29 Watch Tower
07:30 Watch Tower
07:31 Watch Tower
09:18 Barracks
11:06 Watch Tower
11:10 Watch Tower
11:18 Watch Tower
11:24 Watch Tower
13:11 Fortress
14:24 War Mill
14:31 Spirit Lodge
15:51 Tauren Totem
15:54 Tauren Totem
16:21 Tauren Totem
17:00 Orc Burrow
17:01 Orc Burrow
17:02 Orc Burrow
17:02 Orc Burrow
17:03 Orc Burrow
» items
| Healing Salve | 4 | |
| Scroll of Healing | 1 | |
| Lesser Clarity Potion | 3 | |
| Orb of Lightning | 1 | |
9 total
team 2 (winner)

»
I_tech_team_3v4 (
orange | 59 APM | 1897 actions | 32:03)
5 Death Knight
3 Death Coil
2 Unholy Aura
5 Lich
3 Frost Nova
2 Dark Ritual
» actions
| Assign group hotkey | 33 | |
| Basic commands | 63 | |
| Build / train | 63 | |
| Enter build submenu | 29 | |
| Enter hero's abilities submenu | 10 | |
| Give item / drop item | 8 | |
| Right click | 862 | |
| Select / deselect | 311 | |
| Select group hotkey | 408 | |
| Use ability | 110 | |
1897 total
» units
| Acolyte | 4 | |
| Ghoul | 2 | |
| Crypt Fiend | 11 | |
| Obsidian Statue | 3 | |
| Frost Wyrm | 2 | |
| Meatwagon | 2 | |
24 total
» upgrades
| Destroyer Form | 1 | |
| Creature Attack | 2 | |
| Creature Carapace | 1 | |
| Web | 1 | |
| Unholy Strength | 2 | |
7 total
» buildings
| Crypt | 1 | |
| Ziggurat | 10 | |
| Graveyard | 1 | |
| Altar of Darkness | 1 | |
| Tomb of Relics | 3 | |
| Halls of the Dead | 1 | |
| Slaughterhouse | 3 | |
| Black Citadel | 1 | |
| Sacrificial Pit | 1 | |
| Boneyard | 1 | |
| Spirit Tower | 6 | |
29 total
» build order
00:12 Crypt
00:17 Ziggurat
00:51 Graveyard
01:14 Altar of Darkness
01:27 Ziggurat
01:54 Tomb of Relics
01:57 Tomb of Relics
02:01 Tomb of Relics
02:12 Ziggurat
03:09 Halls of the Dead
04:27 Ziggurat
05:41 Slaughterhouse
06:06 Black Citadel
06:43 Sacrificial Pit
09:27 Boneyard
10:06 Spirit Tower
14:37 Ziggurat
14:38 Spirit Tower
17:21 Spirit Tower
17:23 Spirit Tower
17:25 Spirit Tower
19:10 Slaughterhouse
19:13 Slaughterhouse
21:40 Ziggurat
21:42 Ziggurat
23:11 Ziggurat
23:12 Spirit Tower
23:14 Ziggurat
23:18 Ziggurat
» items
| Rod of Necromancy | 4 | |
| Scroll of Town Portal | 3 | |
| Potion of Mana | 1 | |
| Orb of Corruption | 1 | |
| Potion of Lesser Invulnerability | 1 | |
| Scroll of Protection | 1 | |
| Circlet of Nobility | 1 | |
12 total

»
Mr.Mur (
green | 45 APM | 1187 actions | 26:19)
5 Far Seer
3 Feral Spirit
2 Far Sight
4 Tauren Chieftain
2 Endurance Aura
2 War Stomp
» actions
| Basic commands | 36 | |
| Build / train | 78 | |
| Enter build submenu | 34 | |
| Enter hero's abilities submenu | 9 | |
| Give item / drop item | 2 | |
| Remove unit from queue | 1 | |
| Right click | 562 | |
| Select / deselect | 381 | |
| Use ability | 84 | |
1187 total
» units
| Peon | 18 | |
| Grunt | 5 | |
| Tauren | 12 | |
| Shaman | 12 | |
47 total
» upgrades
| Armor | 2 | |
| Spiked Barricades | 1 | |
| Melee Weapons | 1 | |
| Shaman Training | 2 | |
| Reinforced Defenses | 1 | |
| Pulverize | 1 | |
8 total
» buildings
| Altar of Storms | 1 | |
| Orc Burrow | 9 | |
| Barracks | 1 | |
| Voodoo Lounge | 2 | |
| Stronghold | 1 | |
| Great Hall | 1 | |
| War Mill | 1 | |
| Watch Tower | 13 | |
| Fortress | 1 | |
| Spirit Lodge | 1 | |
| Tauren Totem | 2 | |
33 total
» build order
00:22 Altar of Storms
00:25 Orc Burrow
01:32 Barracks
02:17 Orc Burrow
02:26 Voodoo Lounge
03:33 Orc Burrow
04:26 Orc Burrow
04:28 Orc Burrow
05:20 Stronghold
05:58 Great Hall
06:27 Orc Burrow
06:32 War Mill
07:47 Watch Tower
08:07 Watch Tower
08:27 Fortress
08:54 Watch Tower
09:08 Spirit Lodge
10:10 Watch Tower
11:08 Watch Tower
11:23 Tauren Totem
11:29 Tauren Totem
14:05 Orc Burrow
14:06 Orc Burrow
14:08 Orc Burrow
22:20 Voodoo Lounge
22:28 Watch Tower
22:29 Watch Tower
22:31 Watch Tower
22:32 Watch Tower
22:34 Watch Tower
22:35 Watch Tower
22:37 Watch Tower
22:39 Watch Tower
» items
| Healing Salve | 4 | |
| Lesser Clarity Potion | 1 | |
| Potion of Healing | 1 | |
| Scroll of Town Portal | 1 | |
| Orb of Lightning | 2 | |
9 total

»
Gladiator (
purple | 59 APM | 1532 actions | 25:57)
7 Death Knight
3 Death Coil
3 Unholy Aura
1 Animate Dead
» actions
| Assign group hotkey | 30 | |
| Basic commands | 99 | |
| Build / train | 76 | |
| ESC pressed | 1 | |
| Enter build submenu | 27 | |
| Enter hero's abilities submenu | 7 | |
| Give item / drop item | 2 | |
| Right click | 419 | |
| Select / deselect | 457 | |
| Select group hotkey | 360 | |
| Use ability | 54 | |
1532 total
» units
| Acolyte | 8 | |
| Ghoul | 8 | |
| Crypt Fiend | 16 | |
| Frost Wyrm | 6 | |
38 total
» upgrades
| Creature Attack | 3 | |
| Web | 1 | |
| Freezing Breath | 1 | |
| Creature Carapace | 3 | |
| Unholy Strength | 3 | |
| Disease Cloud | 1 | |
| Destroyer Form | 1 | |
| Exhume Corpses | 1 | |
14 total
» buildings
| Ziggurat | 9 | |
| Altar of Darkness | 1 | |
| Crypt | 1 | |
| Graveyard | 1 | |
| Tomb of Relics | 1 | |
| Necropolis | 1 | |
| Halls of the Dead | 1 | |
| Spirit Tower | 6 | |
| Black Citadel | 1 | |
| Sacrificial Pit | 1 | |
| Boneyard | 2 | |
| Slaughterhouse | 2 | |
27 total
» build order
00:09 Ziggurat
00:12 Altar of Darkness
00:38 Crypt
00:58 Graveyard
01:14 Ziggurat
01:36 Tomb of Relics
03:17 Ziggurat
05:10 Necropolis
05:43 Ziggurat
06:22 Halls of the Dead
06:55 Ziggurat
06:58 Ziggurat
07:02 Ziggurat
07:17 Ziggurat
07:28 Ziggurat
07:47 Spirit Tower
07:50 Spirit Tower
07:54 Spirit Tower
08:08 Spirit Tower
08:28 Spirit Tower
09:17 Black Citadel
09:24 Spirit Tower
09:26 Sacrificial Pit
11:39 Boneyard
11:41 Boneyard
21:45 Slaughterhouse
22:34 Slaughterhouse
» items
| Rod of Necromancy | 1 | |
| Scroll of Town Portal | 3 | |
| Orb of Corruption | 1 | |
| Periapt of Vitality | 1 | |
| Boots of Speed | 1 | |
| Potion of Lesser Invulnerability | 1 | |
8 total
Ikd (
blue | 124 APM | 3988 actions | 32:06)
5 Blademaster
3 Wind Walk
2 Critical Strike
» actions
| Assign group hotkey | 122 | |
| Basic commands | 472 | |
| Build / train | 114 | |
| ESC pressed | 3 | |
| Enter build submenu | 51 | |
| Enter hero's abilities submenu | 5 | |
| Give item / drop item | 7 | |
| Right click | 1321 | |
| Select / deselect | 386 | |
| Select group hotkey | 1277 | |
| Use ability | 230 | |
3988 total
» units
| Peon | 17 | |
| Grunt | 8 | |
| Troll Headhunter/Berserker | 4 | |
| Goblin Shredder | 9 | |
| Raider | 1 | |
| Troll Batrider | 10 | |
| Goblin Sapper | 3 | |
| Wind Rider | 5 | |
| Goblin Zeppelin | 4 | |
61 total
» upgrades
| Berserker Strength | 1 | |
| Pillage | 1 | |
| Melee Weapons | 1 | |
| Ranged Weapons | 3 | |
| Reinforced Defenses | 1 | |
| Liquid Fire | 1 | |
| Armor | 3 | |
| Envenomed Spears | 1 | |
| Spiked Barricades | 1 | |
| Troll Regeneration | 1 | |
14 total
» buildings
| Orc Burrow | 10 | |
| Barracks | 1 | |
| Altar of Storms | 1 | |
| Voodoo Lounge | 1 | |
| Stronghold | 2 | |
| Great Hall | 3 | |
| War Mill | 1 | |
| Watch Tower | 22 | |
| Beastiary | 4 | |
| Fortress | 5 | |
50 total
» build order
00:11 Orc Burrow
00:50 Barracks
00:53 Altar of Storms
01:27 Orc Burrow
01:55 Voodoo Lounge
02:14 Orc Burrow
04:08 Stronghold
04:08 Stronghold
05:01 Great Hall
05:09 War Mill
06:56 Watch Tower
06:57 Watch Tower
07:02 Beastiary
07:55 Great Hall
07:58 Watch Tower
09:24 Watch Tower
10:46 Orc Burrow
11:04 Watch Tower
11:05 Watch Tower
11:08 Watch Tower
11:56 Orc Burrow
12:00 Watch Tower
12:01 Watch Tower
12:09 Orc Burrow
12:19 Fortress
12:19 Fortress
12:20 Fortress
12:22 Watch Tower
12:25 Watch Tower
12:58 Beastiary
14:29 Watch Tower
14:30 Watch Tower
17:21 Watch Tower
17:24 Watch Tower
17:47 Beastiary
17:51 Beastiary
21:18 Orc Burrow
21:21 Orc Burrow
23:16 Watch Tower
23:17 Watch Tower
23:18 Watch Tower
23:18 Watch Tower
23:19 Watch Tower
25:26 Great Hall
27:15 Watch Tower
27:16 Watch Tower
29:49 Orc Burrow
30:52 Orc Burrow
» items
| Healing Salve | 4 | |
| Lesser Clarity Potion | 3 | |
| Boots of Speed | 1 | |
| Scroll of Town Portal | 3 | |
| Staff of Teleportation | 1 | |
12 total
Chat log
(00:04 / All) Ikd: NO LEAVERS
(00:05 / All) Ikd: NO LEAVERS
(00:07 / All) Ikd: NO LEAVERS
(00:24 / All) Nathan: gl hf
(00:24 / All) DonaldTrump2016: has left the game.
(00:27 / Allies) I_tech_team_3v4: i only stay for winnable games :(
(00:33 / All) Nathan: lol
(00:36 / Allies) Ikd: so you're ap ussy who leaves at first sign of struggle?
(00:40 / Allies) Ikd: I'll keep it in mind
(00:47 / Allies) I_tech_team_3v4: what units blue?
(01:00 / Allies) Ikd: trolls
(01:05 / Allies) I_tech_team_3v4: green and blue you guys need to coordinate
(08:01 / Allies) Ikd: wood me?
(08:18 / Allies) Ikd: spare lumber?
(08:40 / Allies) Ikd: spare some lumber fellas
(09:15 / Allies) Ikd: spare lumber
(09:31 / Allies) Ikd: ty orange
(11:11 / Allies) I_tech_team_3v4: gold? no expoo here
(11:22 / Allies) I_tech_team_3v4: ty
(12:55 / Allies) Ikd: gonna get bats
(13:24 / All) Ikd: ??
(13:25 / All) Ikd: lmao
(13:29 / All) Ikd: did you just burrow up when my invis bm comes by
(13:31 / All) Ikd: LMAO
(13:48 / All) Ikd: lol
(13:50 / All) Ikd: nice mh yellow
(14:00 / All) DonaldTrump2016: whatever dude
(14:04 / All) DonaldTrump2016: youre just mad
(14:16 / All) Ikd: you're gonna be raging at the end of this
(14:44 / All) Ikd: maphack and not even 50% LMAO
(15:42 / All) Ikd: still making grunts? LOL
(15:50 / All) Ikd: no wonder your record is such trash
(15:56 / All) DonaldTrump2016: did not read
(16:06 / All) Ikd: just uninstall yellow lol
(17:21 / All) Turtle.TerroR: gg
(17:28 / All) Ikd: mh on your team and you still lose
(17:32 / All) Ikd: he didn't even utilise it all game LOL
(17:36 / All) Ikd: except for the burrow
(17:40 / All) Turtle.TerroR: teal wouldnt even fight in the last match
(17:44 / All) Turtle.TerroR: roaming the map
(17:49 / All) DonaldTrump2016: blah blah blah
(17:51 / All) DonaldTrump2016: get fucking lives
(17:54 / All) Ikd: out hacker trash
(17:55 / All) Ikd: hacker down
(17:56 / All) Ikd: raped lol
(18:01 / Allies) Ikd: wood me
(18:19 / All) Ikd: hacking in an ancient game for wins and tells others to get a life
(18:22 / Allies) Ikd: wood me
(18:28 / Allies) Ikd: 900 wood
(18:29 / Allies) Ikd: spare some
(18:40 / Allies) Ikd: Wood me green
(18:49 / All) Nathan: gg
(18:50 / Allies) Ikd: you're hoarding lumber man I've asked all game
(19:03 / All) I_tech_team_3v4: stay teal you cvan still win
(19:09 / All) Ikd: yeah you can
(19:10 / All) Ikd: stay
(19:14 / All) SHAME.LAME: i know lol
(19:17 / Allies) Ikd: wood me green
(19:26 / All) I_tech_team_3v4: stay strong
(19:28 / Allies) Ikd: wppd
(19:29 / Allies) Ikd: wood me
(19:50 / Allies) Ikd: lumber me green
(20:19 / Allies) Ikd: lumber me
(20:36 / All) Ikd: Green lumber hoarder and tker
(20:41 / All) Ikd: started attacking my bm for no reason
(21:51 / Allies) I_tech_team_3v4: seige them soon
(21:52 / Allies) I_tech_team_3v4: making wagons
(21:54 / Allies) Ikd: You lose
(21:57 / Allies) Ikd: Green never gave me lumber, you lose
(23:10 / Allies) Ikd: you lose
(23:10 / Allies) Ikd: out
(24:02 / Allies) Ikd: you lose
(24:10 / Allies) I_tech_team_3v4: on the contrary
(24:13 / Allies) I_tech_team_3v4: i afk :)
(24:14 / Allies) Ikd: green lost the game for you
(24:14 / Allies) Ikd: out
(24:27 / Allies) Ikd: wtf
(24:30 / Allies) I_tech_team_3v4: lots of building to work on blue
(24:31 / Allies) Ikd: I queued that sapper to blow up
(24:40 / Allies) I_tech_team_3v4: get started, cya later
(24:59 / Allies) Ikd: I got 10k gold I'm sure I can do it
(25:05 / All) Ikd: LOL
(25:08 / All) Ikd: nice tc micro green
(25:28 / Allies) Ikd: thanks for the base green
(26:04 / All) SHAME.LAME: OUT
(26:16 / All) Mr.Mur: gg blue is a puss
(26:20 / All) Ikd: you're al umber hoarder
(27:42 / All) SHAME.LAME: out oj u nigga
(27:45 / All) SHAME.LAME: blue > u
(28:46 / All) Ikd: Just my shit left
(28:48 / All) Ikd: kill goblin lab burrow
(28:50 / All) Ikd: at bot right lab
(31:20 / All) SHAME.LAME: oj just cant accept it probably
(31:24 / All) Ikd: did that zepp give a level up
(31:25 / All) Ikd: LOL
(31:29 / All) Ikd: didn't even know they gave xp on their own
(31:32 / All) SHAME.LAME: yes it did
(31:34 / All) Ikd: Orange said he's "afk"
(31:43 / All) Ikd: anything to say for yourself orange?